 Dungeon Crawl Stone Soup version 0.16.0-17-g811c1d7 (webtiles) character file.

6347 valak23 the Unseen (level 10, -2/65 HPs)
             Began as an Octopode Assassin on Mar 21, 2015.
             Was a High Priest of Dithmenos.
             Slain by Snorg (17 damage)
             ... on level 1 of the Orcish Mines.
             The game lasted 00:39:50 (9270 turns).

valak23 the Unseen (Octopode Assassin)              Turns: 9270, Time: 00:39:50

Health: -2/65      AC:  1    Str: 11    XL:     10   Next: 96%
Magic:  10/10      EV: 16    Int: 16    God:    Dithmenos [*****.]
Gold:   466        SH:  8    Dex: 17    Spells: 0 memorised, 9 levels left

rFire  x . .     SeeInvis +     J - +10 dagger "Prusudgh" {pierce, +Inv rPois SInv}
rCold  + . .     Clarity  +     a - +3 buckler
rNeg   . . .     SustAb   .     K - +0 hat {Int+3}
rPois  +         Gourm    .     o - amulet of clarity
rElec  .         Spirit   .     n - +3 ring of slaying
rCorr  .         Warding  .     I - ring of ice
rMut   .         Stasis   .     L - ring of flight
MR     .....                    (no ring)
Stlth  ++++++++++               (no ring)
                                (no ring)
                                (no ring)
                                (no ring)

@: very slightly contaminated, wreathed by umbra, not resistant to hostile
enchantments, uncannily stealthy
A: almost no armour, amphibious, 8 rings, constrict 8, camouflage 1, gelatinous
body 1
a: Shadow Step, Shadow Form, Renounce Religion, Evoke Invisibility, Evoke Flight


You were on level 1 of the Orcish Mines.
You worshipped Dithmenos.
Dithmenos was extremely pleased with you.
You were not hungry.

You visited 3 branches of the dungeon, and saw 11 of its levels.
You also visited: Ossuary.

You collected 466 gold pieces.

Inventory:

Hand weapons
 b - a cursed +0 blowgun
 x - a +6 short sword
 J - the +10 dagger "Prusudgh" (weapon) {pierce, +Inv rPois SInv}
   (You found it on level 7 of the Dungeon)

   It inflicts extra damage upon your enemies.
   It protects you from poison.
   It enhances your eyesight.
   It lets you turn invisible.
 X - a +4 dagger of distortion
Missiles
 e - 25 poisoned needles
 f - 2 curare-tipped needles
 u - 12 poisoned bolts
Armour
 a - a +3 buckler (worn)
 K - a +0 hat of intelligence (worn)
Jewellery
 n - a +3 ring of slaying (left tentacle)
 o - an amulet of clarity (around mantle)
 I - a ring of ice (right tentacle)
 L - a ring of flight (on tentacle)
 P - an uncursed amulet of stasis
 V - an uncursed amulet of resist mutation
Magical devices
 h - a wand of digging (15)
 t - a wand of teleportation (9)
 w - a wand of enslavement (4)
 A - a wand of polymorph (11)
 N - a wand of teleportation (4)
 T - a wand of magic darts (29)
 U - a wand of slowing (32)
 W - a wand of flame (21)
Scrolls
 i - a scroll of blinking
 m - 2 scrolls of teleportation
 p - 3 scrolls of remove curse
 y - 4 scrolls of amnesia
 M - 2 scrolls of recharging
 Q - a scroll of fog
Potions
 d - a potion of might
 j - a potion of cure mutation {unknown}
 k - a potion of haste {unknown}
 q - 2 potions of mutation {unknown}
 r - a potion of flight {unknown}
 s - 4 potions of curing {unknown}
 v - a potion of cancellation {unknown}
 z - 4 potions of degeneration {unknown}
 B - a potion of ambrosia {unknown}
 D - 3 potions of restore abilities {unknown}
 E - 2 potions of berserk rage {unknown}
 F - 2 potions of agility
 G - 2 potions of heal wounds
Books
 c - a book of Beasts

   Spells                             Type                      Level
   a - Summon Butterflies             Summoning                    1
   b - Call Canine Familiar           Summoning                    3
   c - Summon Ice Beast               Ice/Summoning                4
   d - Summon Mana Viper              Hexes/Summoning              5
   e - Monstrous Menagerie            Summoning                    6
   f - Summon Hydra                   Summoning                    7
 H - a book of Maledictions

   Spells                             Type                      Level
   a - Corona                         Hexes                        1
   b - Sure Blade                     Hexes/Charms                 2
   c - Ensorcelled Hibernation        Hexes/Ice                    2
   d - Confuse                        Hexes                        3
   e - Dazzling Spray                 Conjuration/Hexes            3
   f - Enslavement                    Hexes                        4
 O - a book of Annihilations {highlevel, unknown}

   This book is beyond your current level of understanding.

   Spells                             Type                      Level
   a - Poison Arrow                   Conjuration/Poison           6
   b - Chain Lightning                Conjuration/Air              8
   c - Lehudib's Crystal Spear        Conjuration/Earth            8
   d - Glaciate                       Conjuration/Ice              9
   e - Fire Storm                     Conjuration/Fire             9
 S - a book of Conjurations

   Spells                             Type                      Level
   a - Magic Dart                     Conjuration                  1
   b - Searing Ray                    Conjuration                  2
   c - Dazzling Spray                 Conjuration/Hexes            3
   d - Fulminant Prism                Conjuration/Hexes            4
   e - Iskenderun's Mystic Blast      Conjuration                  4
   f - Iskenderun's Battlesphere      Conjuration/Charms           5
Comestibles
 g - a bread ration
 l - a beef jerky
 C - 2 slices of pizza
 R - 24 fruits


   Skills:
 + Level 4.7 Fighting
 * Level 8.1 Short Blades
 - Level 2.0 Throwing
 + Level 6.6 Dodging
 + Level 16.0 Stealth
 + Level 2.3 Shields


You had 9 spell levels left.
You didn't know any spells.

Dungeon Overview and Level Annotations

Branches:
Dungeon (9/15)             Temple (1/1) D:5             Orc (1/4) D:9
   Lair: D:8-11

Altars:
Ashenzari
Cheibriados
Dithmenos
Elyvilon
Fedhas
Gozag
Kikubaaqudgha
Makhleb
Nemelex Xobeh
Okawaru
Qazlal
Ru
Sif Muna
Trog
Vehumet
Xom
Yredelemnul
Zin
The Shining One

Shops:
D:9 [

Annotations:
Orc:1 Eustachio, Snorg


Innate Abilities, Weirdness & Mutations

You cannot wear most types of armour.
You are amphibious.
You can wear up to eight rings at the same time.
You can use your tentacles to constrict many enemies at once.
Your skin changes colour to match your surroundings (Stealth).
Your rubbery body absorbs attacks (AC +1).


Message History

You puncture the orc!!
You kill the orc!
Dithmenos accepts your kill.
You can now transform into a swirling mass of shadows.
The orc moves out of view.
The orc barely misses you.
Read which item? (? for menu, Esc to quit)
Blink to where?
Press: ? - help, Dir - move target cursor You are very lightly contaminated with residual magic.
As you read the scroll of blinking, it crumbles to dust. 2 orcs, Snorg and Eustachio come into view.
Found 13 gold pieces.
An orc and an orc priest come into view.
Snorg shouts!
Snorg goes berserk!
Snorg bites you!!
You emit a cloud of dark smoke.
Snorg claws you!
* * * LOW HITPOINT WARNING * * *
You block Snorg's attack. You block Snorg's attack. Snorg claws you!
You die...

### #####.## ..
##..#... # g#.
#....#.# ..#...#.
##...#@## ........
#...@§T§# #$......
##.#§§§§# .......
##.#§#### #### ......
#.....#.###..###.#...
##.#.....#....##.##o.
##...#..#.......o.o)
#....#........#.##.#
#.....#....o...#####


You could see Snorg (berserk) and Eustachio.

Vanquished Creatures
  Gastronok (D:8)
  Psyche (D:9)
  The ghost of valak23 the Covert, an average OpAs of Xom (Ossuary)
  2 hungry ghosts
  2 ice beasts
  An orc warrior (D:9)
  9 ogres
  A wasp (D:9)
  4 centaurs
  Sigmund (D:3)
  A big kobold (D:8)
  3 giant frogs
  A water moccasin zombie (D:5)
  2 scorpions
  2 water moccasin skeletons
  4 killer bees (D:8)
  5 wights (D:7)
  5 goliath beetles
  2 giant frog zombies
  3 crimson imps
  2 quasits
  2 gnoll shamans
  6 orc priests
  A wasp zombie (D:8)
  2 human zombies
  A centaur skeleton (D:7)
  2 centaur zombies
  3 hounds
  2 jellies
  Crazy Yiuf (D:2)
  An iguana (D:8)
  Natasha (thrice) (D:3)
  12 orc wizards
  6 worker ants
  2 hound skeletons
  2 mummies (Ossuary)
  Robin (D:3)
  A worker ant zombie (D:9)
  13 gnolls
  10 adders
  2 shadow imps
  8 worms
  An adder skeleton (D:4)
  2 giant geckos
  An ooze (D:3)
  33 orcs
  22 bats
  A bat skeleton (D:7)
  11 hobgoblins
  14 jackals
  3 quokkas
  A ball python (D:1)
  3 giant cockroaches
  A giant gecko zombie (D:8)
  7 giant newts
  4 gnoll zombies
  25 goblins
  A goblin zombie (Ossuary)
  16 kobolds
  2 kobold zombies (Ossuary)
  An orc zombie (Ossuary)
  14 rats
  11 plants
308 creatures vanquished.

Notes
Turn   | Place    | Note
--------------------------------------------------------------
     0 | D:1      | valak23, the Octopode Assassin, began the quest for the Orb.
     0 | D:1      | Reached XP level 1. HP: 14/14 MP: 1/1
    75 | D:1      | Reached XP level 2. HP: 16/19 MP: 2/2
   332 | D:1      | Reached skill level 6 in Stealth
   357 | D:1      | Reached XP level 3. HP: 16/24 MP: 3/3
   821 | D:2      | Noticed Crazy Yiuf
   827 | D:2      | Killed Crazy Yiuf
   827 | D:2      | Reached XP level 4. HP: 29/29 MP: 4/4
   854 | D:2      | Reached skill level 7 in Stealth
   908 | D:2      | Found an iron altar of Okawaru.
  1442 | D:2      | Reached XP level 5. HP: 34/34 MP: 5/5
  1634 | D:3      | Noticed Natasha
  1641 | D:3      | Killed Natasha
  1644 | D:3      | Noticed Robin
  1677 | D:3      | Noticed Natasha
  1683 | D:3      | Killed Natasha
  1723 | D:3      | Killed Robin
  1732 | D:3      | Reached skill level 8 in Stealth
  2019 | D:3      | Found a shadowy altar of Dithmenos.
  2041 | D:3      | Became a worshipper of Dithmenos the Shadowed
  2071 | D:3      | Noticed Sigmund
  2075 | D:3      | Killed Sigmund
  2075 | D:3      | Reached XP level 6. HP: 40/40 MP: 6/6
  2169 | D:3      | Noticed Natasha
  2175 | D:3      | Killed Natasha
  2288 | D:3      | Found a stormy altar of Qazlal.
  2856 | D:4      | Reached skill level 9 in Stealth
  2900 | D:4      | HP: 2/41 [orc priest/nerve-wracking pain (14)]
  3341 | D:4      | Reached XP level 7. HP: 45/45 MP: 7/7
  3671 | D:4      | Found an ancient bone altar of Kikubaaqudgha.
  3956 | D:4      | Found a glowing golden altar of the Shining One.
  4256 | D:5      | Entered Level 5 of the Dungeon
  4256 | D:5      | Found a staircase to the Ecumenical Temple.
  4262 | Temple   | Entered the Ecumenical Temple
  4776 | D:5      | Noticed a moth of wrath
  4779 | D:5      | Found a bloodstained altar of Trog.
  4851 | D:5      | Reached skill level 10 in Stealth
  4861 | D:5      | Reached XP level 8. HP: 44/52 MP: 8/8
  5050 | D:5      | Found a glowing silver altar of Zin.
  5050 | D:5      | Noticed an angel
  5342 | D:5      | Reached skill level 5 in Short Blades
  5663 | D:5      | Reached skill level 11 in Stealth
  5995 | D:6      | Found a basalt altar of Yredelemnul.
  5997 | D:6      | Acquired Dithmenos' first power
  6541 | D:7      | Reached skill level 5 in Dodging
  6541 | D:7      | Reached XP level 9. HP: 36/58 MP: 9/9
  6588 | D:7      | Found a sand-covered staircase.
  6595 | D:7      | Reached skill level 12 in Stealth
  6602 | Ossuary  | Entered an ossuary
  6602 | Ossuary  | Noticed valak23's ghost (average OpAs)
  6605 | Ossuary  | Killed valak23's ghost
  6944 | D:7      | Acquired Dithmenos' second power
  6961 | D:7      | Reached skill level 1 in Shields
  7000 | D:7      | Found a shimmering altar of Xom.
  7084 | D:7      | Got an ichor-stained dagger
  7085 | D:7      | Identified the +10 dagger "Prusudgh" {pierce, +Inv rPois SInv} (You found it on level 7 of the Dungeon)
  7146 | D:7      | Reached skill level 13 in Stealth
  7535 | D:8      | Noticed Gastronok
  7549 | D:8      | Killed Gastronok
  7549 | D:8      | Reached skill level 14 in Stealth
  7549 | D:8      | Reached XP level 10. HP: 36/64 MP: 10/10
  7753 | D:8      | Found a blossoming altar of Fedhas.
  7814 | D:8      | Acquired Dithmenos' third power
  7850 | D:8      | Reached skill level 15 in Stealth
  8435 | D:9      | Found a staircase to the Orcish Mines.
  8435 | D:9      | Found Ysotumac's Armour Emporium.
  8679 | Orc:1    | Entered Level 1 of the Orcish Mines
  8850 | D:9      | Noticed Psyche
  8856 | D:9      | Found a snail-covered altar of Cheibriados.
  8862 | D:9      | Killed Psyche
  9046 | D:9      | Reached skill level 16 in Stealth
  9264 | Orc:1    | Acquired Dithmenos' fourth power
  9265 | Orc:1    | Noticed Snorg
  9265 | Orc:1    | Noticed Eustachio
  9270 | Orc:1    | Slain by Snorg

Action                   |  1- 3 |  4- 6 |  7- 9 | 10-12 || total
-------------------------+-------+-------+-------+-------++-------
Melee: Dagger            |    61 |    62 |    31 |   122 ||   276
       Short sword       |       |    41 |   253 |       ||   294
 Fire: Blowgun           |       |    10 |       |       ||    10
  Use: Scroll            |     5 |     2 |    16 |     4 ||    27
       Potion            |       |     2 |     1 |       ||     3
 Stab: Sleeping          |     9 |    14 |    40 |    26 ||    89
       Distracted        |     1 |     1 |     3 |       ||     5
  Eat: Meat ration       |       |     1 |       |       ||     1
       Bread ration      |       |     1 |     3 |     1 ||     5
       Royal jelly       |       |       |       |     1 ||     1
